AoeStats
← wdimateo

Arena

509770035Analyzed
2v2 RM · 4d ago on Sep 28, 2026· 57m 10s· 4 players
Game mode
Random Map
Map size
Medium (4 player)
Population
200
Speed
Normal
Resources
Standard
Victory
Conquest
Starting age
Dark Age
Ending age
Imperial Age
RankedLock teamsTeams togetherTeam positionsShared explorationLock speedFull tech treeHidden civsTurbo modeCheats
Victory
Defeat
🇦🇷 Teutons · Argentina
1102
+14
🇲🇽 Britons · Mexico
1029
+18
🇧🇷 Turks · Brazil
1062
-16
🇧🇷 Persians · Brazil
1062
-16
mano
11:05 Feudal Age
15:59 Castle Age
14:22 Scale Barding Armor
15:44 Bloodlines
17:57 Horse Collar
18:04 Double-Bit Axe
19:01 Forging
22:14 Heavy Plow
23:49 Wheelbarrow
23:03 Loom
25:31 Town Watch
26:15 Bow Saw
28:58 Chain Barding Armor
29:20 Town Patrol
32:02 Gold Mining
32:02 Stone Mining
33:09 Iron Casting
36:18 Imperial Age
33:49 Fletching
34:02 Padded Archer Armor
34:41 Bodkin Arrow
35:13 Devotion
35:55 Husbandry
36:58 Conscription
36:04 Cavalier
39:23 Hand Cart
40:14 Two-Man Saw
39:47 Crop Rotation
39:31 Kamandaran
40:13 Ballistics
40:05 Masonry
40:52 Gold Shaft Mining
40:53 Stone Shaft Mining
40:09 Crossbowman
40:55 Thumb Ring
42:51 Chemistry
42:23 Architecture
41:52 Savar
46:41 Citadels
50:22 Light Cavalry
52:46 Hussar
55:04 Blast Furnace
56:52 Plate Barding Armor
56:21 Padded Archer Armor
wdimateo
11:24 Feudal Age
17:04 Castle Age
16:32 Fletching
19:53 Castle Age
18:59 Loom
21:05 Double-Bit Axe
24:24 Stone Mining
27:02 Wheelbarrow
27:07 Horse Collar
30:16 Bow Saw
30:13 Heavy Plow
32:49 Imperial Age
30:49 Husbandry
31:18 Bloodlines
32:17 Padded Archer Armor
32:24 Scale Barding Armor
38:07 Leather Archer Armor
38:14 Chain Barding Armor
38:33 Forging
39:34 Ring Archer Armor
40:27 Heavy Camel Rider
42:46 Gold Mining
43:39 Plate Barding Armor
46:52 Iron Casting
47:00 Conscription
48:34 Blast Furnace
水泊梁山
5:50 Loom
9:30 Feudal Age
13:27 Fletching
15:59 Wheelbarrow
20:22 Castle Age
21:36 Double-Bit Axe
21:34 Pikeman
22:33 Squires
22:55 Horse Collar
23:44 Scale Mail Armor
23:55 Forging
24:27 Bow Saw
24:42 Chain Mail Armor
24:34 Town Watch
25:35 Heavy Plow
25:51 Scale Barding Armor
26:23 Gold Mining
28:25 Bloodlines
30:12 Hand Cart
31:15 Sanctity
32:39 Chain Barding Armor
32:56 Stone Mining
34:17 Iron Casting
37:34 Imperial Age
36:34 Stone Shaft Mining
37:44 Cavalier
38:14 Halberdier
39:50 Plate Barding Armor
40:16 Blast Furnace
39:46 Plate Mail Armor
40:09 Ironclad
40:10 Crenellations
40:10 Conscription
40:14 Arson
41:54 Paladin
41:59 Capped Ram
44:07 Hoardings
43:03 Sappers
43:33 Bodkin Arrow
43:38 Padded Archer Armor
46:16 Two-Man Saw
47:03 Leather Archer Armor
51:31 Ring Archer Armor
50:48 Elite Teutonic Knight
51:05 Elite Skirmisher
57:25 Chemistry
56:46 Ballistics
SirSpoock
7:43 Loom
11:31 Feudal Age
12:12 Double-Bit Axe
15:48 Horse Collar
19:16 Castle Age
18:16 Gold Mining
19:21 Fletching
20:49 Bodkin Arrow
24:48 Wheelbarrow
24:43 Town Watch
27:51 Ballistics
28:01 Heavy Plow
28:50 Fervor
29:52 Hand Cart
32:08 Fortified Wall
31:30 Pikeman
32:54 Bow Saw
33:18 Squires
33:03 Arson
36:21 Imperial Age
33:44 Light Cavalry
34:39 Town Patrol
34:53 Scale Barding Armor
36:12 Yeomen
36:17 Padded Archer Armor
37:18 Bracer
37:46 Husbandry
38:09 Chain Barding Armor
37:44 Elite Longbowman
37:49 Halberdier
40:10 Plate Barding Armor
39:51 Leather Archer Armor
40:58 Conscription
41:14 Scale Mail Armor
41:25 Forging
42:18 Chemistry
46:17 Iron Casting
46:13 Ring Archer Armor
47:03 Chain Mail Armor
51:00 Plate Mail Armor
51:31 Blast Furnace
51:06 Warwolf
Connection lost

Rejoining the realm…

Still unreachable

The connection could not be restored.

Session expired

The server has moved on; the page needs a fresh start.